 Dungeon Crawl Stone Soup version 0.30-a0-778-g2ef04afb54 (webtiles) character file.

Game seed: 12935926373477644182

709 SnakkuSnakku7 the Poker (level 7, 0/62 HPs)
             Began as an Armataur Brigand on Feb 15, 2023.
             Was an Initiate of Qazlal.
             Succumbed to a kobold's poison
             ... on level 4 of the Dungeon.
             The game lasted 00:05:22 (3221 turns).

SnakkuSnakku7 the Poker (Armataur Brigand)          Turns: 3221, Time: 00:05:23

Health: 0/62       AC:  6    Str: 18    XL:     7   Next: 40%
Magic:  7/7        EV:  8    Int: 12    God:    Qazlal [......]
Gold:   151        SH:  0    Dex: 11    Spells: 6/6 levels left

rFire   . . .      SeeInvis .    a - +2 scythe (freeze)
rCold   . . .      Faith    .    (shield currently unavailable)
rNeg    . . .      Spirit   .    m - +0 ring mail
rPois   .          Reflect  .    (no helmet)
rElec   .          Harm     .    c - +0 cloak
rCorr   .          Roll     +    (no gloves)
Will    .....                    (no barding)
Stlth   ++                       (no amulet)
HPRegen 0.30/turn                (no ring)
MPRegen 0.10/turn                (no ring)

@: lethally poisoned (0 -> -8)
A: large, rugged brown scales 3, deformed body, armoured tail, roll, long
tongue, awkward tongue
a: Renounce Religion


You were on level 4 of the Dungeon.
You worshipped Qazlal.
Qazlal was noncommittal.
You visited 2 branches of the dungeon, and saw 5 of its levels.

You collected 151 gold pieces.

Inventory:

Hand Weapons
 a - a +2 scythe of freezing (weapon)
 g - a +2 dagger
 u - a +4 dagger of draining
Missiles
 d - 10 poisoned darts (quivered)
 e - 2 curare-tipped darts
 l - 9 atropa-tipped darts
Armour
 b - a +0 robe
 c - a +0 cloak (worn)
 m - a +0 ring mail (worn)
Wands
 q - a wand of digging (13)
Scrolls
 j - 6 scrolls of identify {unknown}
 k - a scroll of fear {unknown}
 n - 3 scrolls of teleportation {unknown}
 o - a scroll of noise {unknown}
 p - 2 scrolls of enchant armour {unknown}
 r - a scroll of magic mapping {unknown}
 s - a scroll of vulnerability {unknown}
 t - 2 scrolls of fog {unknown}
 v - a scroll of blinking {unknown}
Potions
 h - a potion of attraction
 i - a potion of flight


   Skills:
 - Level 3.9 Fighting
 - Level 4.0 Short Blades
 + Level 4.8 Polearms
 - Level 1.7 Throwing
 - Level 0.6 Dodging
 - Level 4.3 Stealth


You had 6 spell levels left.
You didn't know any spells.
Your spell library contained the following spells:

 Spells                   Type           Power      Damage    Failure   Level
 Cigotuvi's Dreadful Rot  Necr/Pois/Air  0%         N/A       65%         2
 Poisonous Vapours        Pois/Air       0%         N/A       65%         2
 Mephitic Cloud           Conj/Pois/Air  0%         N/A       87%         3


Dungeon Overview and Level Annotations

Branches:
Dungeon (4/15)             Temple (1/1) D:4

Altars:
Fedhas
Okawaru
Qazlal
Sif Muna


Innate Abilities, Weirdness & Mutations

You are completely covered in rugged brown scales. (AC +3, +7% HP)
Armour fits poorly on your strangely shaped body.
You have a long armoured tail.
You roll when moving toward enemies. (Rampage)
Your long tongue fully drains potion bottles. (2x potion effects)
Your tongue gives you trouble enunciating. (1.5x scroll delay)


Message History

The scorpion is severely wounded.
You feel sick. The scorpion stings you.
You puncture the scorpion! You freeze the scorpion.
You kill the scorpion!
The scorpion's corpse dissolves into shadows!
You feel sick.
You closely miss the kobold.
Your tail-slap misses the kobold.
You feel sick.
The kobold hits you with a +2 short sword of venom.
You are more poisoned.
You barely miss the kobold.
Your tail-slap misses the kobold.
You feel very sick. The kobold hits you but does no damage.
You are more poisoned.
The kobold barely misses you.
You hit the kobold. You freeze the kobold.
The kobold is severely wounded.
You feel very sick. The kobold hits you but does no damage.
You are lethally poisoned!
You barely miss the kobold.
The kobold is severely wounded.
* * * LOW HITPOINT WARNING * * *
You feel extremely sick.
The kobold hits you with a +2 short sword of venom.
* * * LOW HITPOINT WARNING * * *
You closely miss the kobold. You tail-slap the kobold.
You kill the kobold!
Qazlal accepts your kill.
The orc dissolves into shadows! x2
* * * LOW HITPOINT WARNING * * *
You feel very sick.
You slurp down every last drop of the metallic inky potion!
It was a potion of magic.
Magic courses through your body.
* * * LOW HITPOINT WARNING * * *
You feel very sick.
* * * LOW HITPOINT WARNING * * *
You feel very sick.
Items here: ( ) [ †.
Okay, then.
You die...

#)#.# #.# #########.#.#
#.# ..........#.#
###.#### ###########.#
#......# ##########.#
#.#.#.##
##..........######.#...#
.....†..............>###
.♣.♣.#############.#.#
..>..### #.(...)@).#.#
.♣.♣...# #.##..†####.#
.......# #.... #.#
#......# ......(
#......# ....#.<
######## ....### ... #.


There were no monsters in sight!

Vanquished Creatures
  Sigmund (D:2)
  A phantom (D:4)
  2 scorpions (D:4)
  A hound (D:4)
  A gnoll bouda (D:4)
  2 orc priests (D:3)
  An iguana (D:4)
  An orc wizard (D:3)
  9 adders
  3 gnolls (D:4)
  A worm (D:2)
  3 dart slugs
  7 orcs (D:3)
  4 endoplasms
  4 giant cockroaches
  5 goblins
  4 hobgoblins
  4 jackals (D:1)
  6 kobolds
  5 quokkas
  9 ball pythons
  5 bats
  3 frilled lizards
  5 rats
87 creatures vanquished.

Notes
Turn   | Place    | Note
-------+----------+-------------------------------------------
     0 | D:1      | SnakkuSnakku7 the Armataur Brigand began the quest for the
                  | Orb.
     0 | D:1      | Reached XP level 1. HP: 18/18 MP: 1/1
   341 | D:1      | Reached XP level 2. HP: 25/25 MP: 2/2
   568 | D:1      | Found a faded altar of an unknown god.
   886 | D:2      | Reached XP level 3. HP: 31/31 MP: 3/3
  1163 | D:2      | Noticed Sigmund
  1170 | D:2      | Killed Sigmund
  1171 | D:2      | Reached XP level 4. HP: 25/42 MP: 4/4
  1171 | D:2      | Reached XP level 5. HP: 30/49 MP: 5/5
  1723 | D:3      | Reached skill level 1 in Polearms
  1724 | D:3      | Reached XP level 6. HP: 40/55 MP: 6/6
  1885 | D:3      | Found an iron altar of Okawaru.
  1930 | D:3      | Identified the +4 dagger of the Mauling Puffin {speed,
                  | *Slow rN+ Int+9}
  3004 | D:4      | Found a staircase to the Ecumenical Temple.
  3013 | D:4      | Reached XP level 7. HP: 13/62 MP: 7/7
  3024 | Temple   | Entered the Ecumenical Temple
  3037 | Temple   | Became a worshipper of Qazlal Stormbringer
  3220 | D:4      | HP: 2/62 [poisoned by a kobold]
  3221 | D:4      | Succumbed to a kobold's poison

Illustrated notes

Levels and vault maps discovered:
D:1:      giann_bridges, layout_basic, shapermc_ecumenical_altar_acropolis
D:2:      layout_loops_corners, kennysheep_potato, uniq_sigmund
D:3:      layout_basic, okawaru_ov_weapons_minmay, minmay_misc_feat_diagonals
D:4:      layout_basic, lemuel_coloured_pillars_altar, minmay_temple_entry_trees
Temple:   nicolae_temple_ecumenical_triangle

Skill      XL: |  1  2  3  4  5  6  7 |
---------------+----------------------+-----
Short Blades   | 2 3 4 |  4.0
Fighting       | 3 |  3.9
Polearms       | 1 3 4 |  4.8
Throwing       | |  1.7
Dodging        | |  0.6
Stealth        | |  4.3

Action                     |  1- 3 |  4- 6 |  7- 9 || total
---------------------------+-------+-------+-------++-------
  Melee: Dagger            |    65 |       |       ||    65
         Tailslap          |     6 |     7 |     4 ||    17
         Halberd           |       |   127 |    24 ||   151
  Throw: Dart              |       |     1 |     8 ||     9
    Use: Potion            |       |       |     4 ||     4
   Stab: Sleeping          |     7 |    10 |       ||    17
         Distracted        |     1 |       |       ||     1
 Armour: Robe              |     7 |       |       ||     7
         Ring mail         |     8 |    53 |    13 ||    74
  Dodge: Dodged            |    17 |    65 |     9 ||    91

Table legend: (Time is in decaauts)
 A = Elapsed time spent in this place.
 B = Non-inter-level travel time spent in this place.
 C = Inter-level travel time spent in this place.
 D = Time resting spent in this place.
 E = Time spent auto-exploring this place.
 F = Levels seen in this place.
 G = Mean time per level.
                   A        B        C        D        E       F      G
               +--------+--------+--------+--------+--------+-----+--------+
         Total |   3267 |   3100 |    167 |    358 |   1980 |   5 |  653.4 |
       Dungeon |   3223 |   3064 |    159 |    336 |   1980 |   4 |  805.8 |
        Temple |     44 |     36 |      8 |     22 |      0 |   1 |   44.0 |
               +--------+--------+--------+--------+--------+-----+--------+

Top non-repeatable levels by time:
     D:3: 1070 daAuts
     D:2: 924 daAuts
     D:1: 717 daAuts
     D:4: 510 daAuts
  Temple: 44 daAuts
